 Dungeon Crawl Stone Soup version 0.18-a0-1562-gac8da35 (webtiles) character file.

124 angel3174 the Cudgeler (level 5, -2/33 HPs)
             Began as a Gargoyle Berserker on Mar 13, 2016.
             Was a Believer of Trog.
             Killed by divine providence
             ... invoked by an orc priest
              (14 damage)
             ... on level 3 of the Dungeon.
             The game lasted 00:10:55 (1643 turns).

angel3174 the Cudgeler (Gargoyle Berserker)         Turns: 1643, Time: 00:10:55

Health: -2/33      AC:  9    Str: 21    XL:     5   Next: 8%
Magic:  5/5        EV: 11    Int:  8    God:    Trog [**....]
Gold:   73         SH:  0    Dex:  9    Spells: 0 memorised, 4 levels left

rFire  . . .     SeeInvis .     a - +0 mace
rCold  . . .     Gourm    .     i - +0 ring mail
rNeg   + . .     Faith    .     (no shield)
rPois  ∞         Spirit   .     (no helmet)
rElec  +         Dismiss  .     (no cloak)
rCorr  .         Reflect  .     (no gloves)
SustAt .         Harm     .     (no boots)
MR     .....                    (no amulet)
Stlth  ..........               (no ring)
                                (no ring)

@: not resistant to hostile enchantments, extremely unstealthy
A: negative energy resistance 1, electricity resistance, unbreathing,
petrification resistance, rot immunity, AC +4
a: Berserk, Trog's Hand, Burn Spellbooks, Renounce Religion


You were on level 3 of the Dungeon.
You worshipped Trog.
Trog was pleased with you.
You were full.

You visited 1 branch of the dungeon, and saw 3 of its levels.

You collected 73 gold pieces.

Inventory:

Hand Weapons
 a - a +0 mace (weapon)
Missiles
 h - 18 arrows
 k - 76 bolts
 o - 3 poisoned arrows
Armour
 i - a +0 ring mail (worn)
Jewellery
 n - an uncursed ring of ice
Wands
 p - a wand of iceblast (8/15)
Scrolls
 d - 2 scrolls of identify
 g - 2 scrolls of remove curse
Potions
 e - a potion of degeneration {unknown}
 f - a potion of flight {unknown}
 l - 2 potions of heal wounds
 r - a potion of ambrosia {unknown}
 s - a potion of haste {unknown}
Comestibles
 b - a chunk of flesh
 c - 3 bread rations
 j - a beef jerky


   Skills:
 * Level 4.0 Fighting
 + Level 4.0 Maces & Flails
 + Level 2.9 Armour
 + Level 2.6 Dodging
 - Level 0.2 Stealth


You had 4 spell levels left.
You didn't know any spells.

Dungeon Overview and Level Annotations

Branches:
Dungeon (3/15)

Altars:


Innate Abilities, Weirdness & Mutations

You are resistant to torment.
Your stone body is resilient (AC +4).
You are immune to poison.
You resist negative energy.
You are resistant to electric shocks.
You can survive without breathing.
You are immune to petrification.
You are immune to rotting.


Message History

The orc hits you with a mace of crushing.
You hit the orc.
You kill the orc!
Trog accepts your kill.
The orc hits you with a mace of crushing.
You closely miss the orc.
The orc is almost dead.
The orc hits you but does no damage.
You hit the orc.
You kill the orc!
Trog accepts your kill.
Your Fighting skill increases to level 4!
The orc priest invokes the aid of Beogh against you.
Beogh smites you!
You sock the orc!
You kill the orc!
Trog accepts your kill.
The orc priest calls down the wrath of Beogh upon you.
Beogh smites you!
You die...

### ..# #.####### #.#
...o..)o# #.# #)# #.#
#@#######.#
#)(.......########
#...................
#..............÷.#####
#.##############.# ..
#.# . #.# #.# #.#


You could see an orc priest.

Vanquished Creatures
  6 adders (D:2)
  An ooze (D:1)
  A worm (D:2)
  A dart slug (D:2)
  2 giant geckos (D:2)
  4 orcs (D:3)
  2 ball pythons
  8 bats
  4 goblins
  5 hobgoblins (D:1)
  6 jackals (D:1)
  A quokka (D:2)
  2 giant newts
  7 kobolds
  4 rats
54 creatures vanquished.

Notes
Turn   | Place    | Note
--------------------------------------------------------------
     0 | D:1      | angel3174 the Gargoyle Berserker began the quest for the Orb.
     0 | D:1      | Reached XP level 1. HP: 14/14 MP: 1/1
    85 | D:1      | Reached XP level 2. HP: 16/19 MP: 2/2
   335 | D:1      | Reached ** piety under Trog
   388 | D:1      | Reached XP level 3. HP: 20/23 MP: 3/3
  1022 | D:2      | Reached XP level 4. HP: 27/29 MP: 4/4
  1632 | D:3      | Reached XP level 5. HP: 33/33 MP: 5/5
  1643 | D:3      | Killed from afar by an orc priest

Vault maps used:
D:1:      co_arrival_random_square_maze
D:3:      first_bread

Skill      XL: |  1  2  3  4  5 |
---------------+----------------+-----
Dodging        | 2 |  2.6
Maces & Flails | 4 |  4.0
Fighting       | 4 |  4.0
Armour         | |  2.9
Stealth        | |  0.2

Action                   |  1- 3 |  4- 6 || total
-------------------------+-------+-------++-------
Melee: Mace              |    90 |   112 ||   202
  Use: Scroll            |       |     4 ||     4
  Eat: Fruit             |       |     6 ||     6
       Chunk             |       |     2 ||     2
